[Event "FIDE Open World Rapid 2024"]
[Site "New York"]
[Date "2024.12.27"]
[Round "9.1"]
[White "Erigaisi Arjun"]
[Black "Duda, Jan-Krzysztof"]
[Result "1/2-1/2"]
[ECO "E25"]
[WhiteElo "2801"]
[BlackElo "2740"]
[Annotator "TA"]
[PlyCount "134"]
[EventDate "2024.12.14"]
[EventType "swiss"]
[EventCountry "USA"]
[SourceTitle "playchess.com"]
[Source "ChessBase"]
[SourceQuality "1"]
[TimeControl "900+10"]

1. d4 Nf6 2. c4 e6 3. Nc3 Bb4 4. f3 d5 5. a3 Bxc3+ 6. bxc3 c5 7. cxd5 Nxd5 8. dxc5 Qa5 9. e4 Ne7 10. Be3 O-O 11. Qb3 Qc7 12. Bb5 e5 13. Ne2 Be6 14. Qb4 Nec6 15. Qa4 Na5 16. Rb1 a6 17. Bd3 Nd7 18. Qb4 Rfc8 19. Kf2 Nxc5 20. Bc2 b5 21. Bxc5 Qxc5+ 22. Qxc5 Rxc5 23. a4 Nc4 24. Ra1 Kf8 25. Rhb1 bxa4 26. Bxa4 a5 27. Rb7 Bc8 28. Rbb1 Ke7 29. Nc1 Rc7 30. Nd3 f6 31. Bd1 Nd6 32. Ra3 Be6 33. Be2 Nc4 34. Ra4 (34. Ra2 $1 $11) 34... Raa7 (34... Nd2 $17 35. Rb5 Nb3) 35. Ke1 Kd6 36. Rba1 Rab7 37. g3 Rb3 38. Rc1 Ra3 39. Rxa3 Nxa3 40. Kd2 Nc4+ 41. Kc2 Rb7 42. Ra1 g5 43. f4 Bf7 44. fxe5+ fxe5 45. Ra4 Ra7 46. Ra1 Rb7 47. Ra4 $1 Rb8 (47... g4 $1 $17 48. Nc1 Rb2+ 49. Kd1 Nd2) 48. Nc1 $1 $11 Rb2+ 49. Kd1 Ne3+ 50. Ke1 Rc2 51. Bd3 ({White should play} 51. Rxa5 $1 $11 Rxc1+ 52. Kd2) 51... Ng2+ (51... Rxc3 52. Kd2 Rc5 53. Kxe3 $11) (51... Rxh2 $15 52. Rxa5 Nc2+ 53. Bxc2 Rxc2) 52. Kd1 $11 Ne3+ ({Black should play} 52... Rb2 $11) 53. Ke1 $17 Rxh2 ({Of course not} 53... Rxc1+ 54. Kd2 Rh1 55. Kxe3 $11) 54. Rxa5 Rh1+ 55. Kd2 Nc4+ 56. Bxc4 Bxc4 57. Nd3 Rh2+ 58. Ke3 Bxd3 59. Kxd3 Rh3 60. Kc4 Rxg3 61. Ra6+ Ke7 62. Kd5 Rxc3 63. Kxe5 Rc5+ 64. Kd4 Rc7 65. Ke5 Rc5+ 66. Kd4 Rc7 67. Ke5 Rc5+ 1/2-1/2

[Event "FIDE Open World Rapid 2024"]
[Site "New York"]
[Date "2024.12.28"]
[Round "9.1"]
[White "Khanin, Semen"]
[Black "Barbosa, Oliver"]
[Result "1-0"]
[ECO "D10"]
[WhiteElo "2568"]
[BlackElo "2451"]
[Annotator "ChessBase"]
[PlyCount "67"]
[EventDate "2024.12.14"]
[EventType "swiss"]
[EventCountry "USA"]
[SourceTitle "playchess.com"]
[Source "ChessBase"]
[SourceQuality "1"]
[TimeControl "900+10"]

1. d4 d5 2. c4 c6 3. cxd5 cxd5 4. Bf4 Nc6 5. e3 Nf6 6. Bd3 Bg4 7. f3 Bd7 8. Nc3 g6 9. Nge2 Bg7 10. Qb3 Na5 11. Qb4 O-O 12. O-O Re8 13. Rac1 Rc8 14. Na4 Nc4 15. Nc5 a5 16. Qxb7 Bc6 17. Qa6 Nxb2 18. Bb5 Bxb5 19. Qxb5 Nc4 20. e4 Nh5 21. Bg5 Rb8 22. Nb7 Qc7 23. Qxd5 Rec8 24. Nc5 Rb4 25. Na6 Qb6 26. Nxb4 Qxb4 27. Qd7 Rb8 28. Bxe7 Qd2 29. Rxc4 Qe3+ 30. Kh1 Qxe2 31. Rc8+ Bf8 32. Rg1 Qb2 33. Bxf8 Qb7 34. Qxb7 1-0

[Event "FIDE Open World Rapid 2024"]
[Site "New York"]
[Date "2024.12.27"]
[Round "9.2"]
[White "Grischuk, Alexander"]
[Black "Abdusattorov, Nodirbek"]
[Result "1/2-1/2"]
[ECO "B12"]
[WhiteElo "2689"]
[BlackElo "2777"]
[Annotator "TA"]
[PlyCount "104"]
[EventDate "2024.12.14"]
[EventType "swiss"]
[EventCountry "USA"]
[SourceTitle "playchess.com"]
[Source "ChessBase"]
[SourceQuality "1"]
[TimeControl "900+10"]

1. e4 c6 2. d4 d5 3. e5 Bf5 4. h4 h5 5. Bd3 Qd7 6. Ne2 {[%emt 0:01:03] B12: Caro-Kann: Advance Variation.} Bxd3 7. Qxd3 e6 8. Nd2 c5 9. c3 Nc6 10. Nf3 Nge7 11. O-O Nf5 12. Bg5 c4 $146 ({Predecessor:} 12... Be7 13. Ng3 Bxg5 14. Nxf5 Be7 15. Ne3 Qd8 16. g3 Qb6 17. dxc5 Bxc5 18. Ng2 O-O-O {0-1 Wu,D (2255)-Contreras Torres,J (2296) Titled Tuesday intern op 21st Nov Late blitz 2023 (5)}) 13. Qc2 b5 14. b3 Rc8 15. Rad1 cxb3 16. axb3 Be7 17. Ng3 g6 (17... Nxg3 $11 {keeps the balance.} 18. fxg3 a5) 18. Nxf5 $16 gxf5 19. Qd3 Bxg5 20. Nxg5 ({But not} 20. hxg5 Ne7 $11) 20... Ne7 (20... a5 $16 {was called for.}) 21. Ra1 $18 Qb7 22. Ra5 a6 23. Rfa1 Rc6 24. Qe2 Qc8 25. Qa2 (25. g3 $1 $18) 25... Ng6 $16 26. Rxa6 Rxa6 27. Qxa6 O-O 28. Qxc8 ({Don't take} 28. Qxb5 Qxc3 29. Rd1 Qc2 $11) 28... Rxc8 29. Ra7 Nh8 30. Rb7 Rxc3 31. Rxb5 Rd3 32. Rb8+ Kg7 33. Rb7 Kg8 34. Rb8+ ({Better is} 34. Rb4 $16) 34... Kg7 $14 35. Rb7 (35. f4 $14) 35... Kg8 $16 36. Rb4 Rd1+ 37. Kh2 Rd2 38. Kg3 $1 Rd3+ 39. f3 (39. Nf3 $1 $16) 39... Rd2 (39... Kg7 $1 $14) 40. Kh3 ({Don't play} 40. Rb8+ $6 Kg7 $11) (40. f4 $1 $16) 40... Rd1 $2 {[%emt 0:00:08] [#]} ({Black should try} 40... f4 $14) 41. g3 $1 $18 Rd2 42. f4 Kg7 43. Rb7 Kg8 44. Rb8+ Kg7 45. Rb7 Kg8 $1 {[%emt 0:00:01] [#]} 46. b4 $1 Rxd4 47. Kg2 Rd2+ 48. Kf3 d4 49. b5 Rd3+ $2 (49... Rh2 $16 {keeps fighting.} 50. Rb8+ Kg7) 50. Kf2 $18 Rd2+ 51. Kf3 Rd3+ $1 52. Kf2 Rd2+ $1 1/2-1/2

[Event "FIDE Open World Rapid 2024"]
[Site "New York"]
[Date "2024.12.28"]
[Round "9.2"]
[White "Oro, Faustino"]
[Black "Donchenko, Alexander"]
[Result "1/2-1/2"]
[ECO "D24"]
[WhiteElo "2433"]
[BlackElo "2618"]
[Annotator "ChessBase"]
[PlyCount "102"]
[EventDate "2024.12.14"]
[EventType "swiss"]
[EventCountry "USA"]
[SourceTitle "playchess.com"]
[Source "ChessBase"]
[SourceQuality "1"]
[TimeControl "900+10"]

1. d4 Nf6 2. Nf3 d5 3. c4 e6 4. Nc3 dxc4 5. e3 a6 6. a4 Bb4 7. Bxc4 b6 8. O-O Bb7 9. Qb3 Qe7 10. e4 Nxe4 11. Nxe4 Bxe4 12. d5 exd5 13. Bxd5 Bxd5 14. Qxd5 c6 15. Qc4 O-O 16. Bg5 Qc5 17. Qg4 f5 18. Qh4 Re8 19. Be3 Qf8 20. Qc4+ Kh8 21. Bxb6 Nd7 22. Be3 Bc5 23. Bxc5 Qxc5 24. Qd3 Nf6 25. Rac1 Qd5 26. Qc2 Reb8 27. h3 Ne4 28. Rfd1 Qe6 29. Nd4 Qf6 30. Qc3 c5 31. Qxc5 Qd6 32. Qc6 Qxc6 33. Rxc6 Rxb2 34. Nxf5 Rxf2 35. Rxa6 Rf8 36. Nh4 Nc3 37. Re1 R2f4 38. Nf3 Rxa4 39. Rxa4 Nxa4 40. Re7 Nc3 41. Nd4 Nd5 42. Ra7 Nf4 43. Re7 Ng6 44. Rc7 Nf4 45. Re7 h5 46. Re4 Rf6 47. Kh2 Kh7 48. Nf3 Kh6 49. h4 Nd3 50. Re8 Kg6 51. Ne5+ Nxe5 1/2-1/2

[Event "FIDE Open World Rapid 2024"]
[Site "New York"]
[Date "2024.12.27"]
[Round "9.3"]
[White "Nakamura, Hikaru"]
[Black "Murzin, Volodar"]
[Result "0-1"]
[ECO "C50"]
[WhiteElo "2802"]
[BlackElo "2664"]
[Annotator "TA"]
[PlyCount "120"]
[EventDate "2024.12.14"]
[EventType "swiss"]
[EventCountry "USA"]
[SourceTitle "playchess.com"]
[Source "ChessBase"]
[SourceQuality "1"]
[TimeControl "900+10"]

1. e4 e5 2. Nf3 Nc6 3. Bc4 Bc5 4. d3 Nf6 5. Nc3 h6 6. Nd5 d6 7. Be3 a6 8. Bxc5 dxc5 9. Ne3 Qd6 10. O-O O-O 11. a4 Be6 12. a5 Rad8 13. h3 Bxc4 14. Nxc4 Qe6 15. Nfd2 Nd4 16. c3 Nc6 17. Qe2 Ne7 18. Kh2 Ng6 19. g3 {[%emt 0:00:41] Against Nf4} Qd7 20. Nb3 Qb5 21. Qc2 {[%emt 0:00:26] [#]} (21. Ra3 $14 {stays ahead.}) 21... Nxe4 $1 $17 22. Rae1 Nf6 (22... Ng5 $15 23. f4 exf4 24. gxf4 Nh7) 23. Nxe5 $11 Nxe5 24. Rxe5 b6 25. axb6 cxb6 (25... Qxd3 $2 26. Qxd3 Rxd3 27. b7 $18 (27. Nxc5 Rd6 $18) (27. bxc7 Rc8 $18)) 26. Re3 Nd5 27. Re2 Nc7 28. d4 Qc6 29. dxc5 bxc5 30. Nd2 Rfe8 31. Rfe1 Rxe2 32. Rxe2 Ne6 33. h4 {[%emt 0:00:09] Dodges Ng5} Qd5 34. Qa4 Qb7 35. Qc2 Qd5 36. Qe4 Qxe4 37. Nxe4 $14 {[%emt 0:00:01][%mdl 4096] Endgame KRN-KRN} Rd1 38. Kg2 Kf8 39. Nd2 h5 40. Nc4 Ke7 41. Ne3 Rb1 42. Rd2 a5 43. Nc4 a4 44. f4 g6 45. Ne5 Ke8 46. Kf3 a3 47. bxa3 Rb3 48. Ra2 (48. Rd3 $14) 48... Rxc3+ 49. Kf2 c4 50. a4 Nc5 51. a5 f6 $1 52. Nf3 {[%emt 0:00:28] and a6 would now be decisive} Na6 53. Ke2 Kd7 54. Rb2 Ra3 55. Rb6 Ra2+ 56. Kd1 Nc5 57. Rb4 {[%emt 0:00:39] [#]} (57. Rxf6 $11 Nd3 58. Rxg6 Nf2+ 59. Kc1 Nd3+ 60. Kb1 Rb2+ 61. Ka1) 57... Nd3 (57... Rxa5 $6 58. Rxc4 Kd6 59. Ke2 $11) ({Better is} 57... Ne4 $1 {[%cal Re4f2] aiming for ...Nf2+.} 58. Rxc4 Nxg3) 58. Rb5 $17 Kd6 {[%emt 0:00:20] Black has more active pieces.} (58... Nf2+ $17 59. Kc1 Ne4) 59. Nd2 $2 (59. Nd4 $1 $11 {and White stays safe.}) 59... Kc6 $2 (59... Nf2+ $19 60. Kc1 c3 61. Nc4+ Kc6 62. Rb6+ Kc5) 60. Rb8 $2 (60. Rb6+ $17 Kc5 61. Rb8) 60... Kc7 ({Weaker is} 60... Rxa5 61. Nxc4 Ra2 62. Nd2 $11) 0-1

[Event "FIDE Open World Rapid 2024"]
[Site "New York"]
[Date "2024.12.28"]
[Round "9.3"]
[White "Shimanov, Aleksandr"]
[Black "Amartuvshin, Ganzorig"]
[Result "1-0"]
[ECO "C47"]
[WhiteElo "2593"]
[BlackElo "2392"]
[Annotator "ChessBase"]
[PlyCount "67"]
[EventDate "2024.12.14"]
[EventType "swiss"]
[EventCountry "USA"]
[SourceTitle "playchess.com"]
[Source "ChessBase"]
[SourceQuality "1"]
[TimeControl "900+10"]

1. e4 e5 2. Nf3 Nc6 3. Nc3 Nf6 4. h3 d5 5. exd5 Nxd5 6. Bb5 Nxc3 7. bxc3 Bd6 8. O-O O-O 9. Re1 Qf6 10. d4 exd4 11. cxd4 h6 12. Rb1 Qg6 13. Bd3 Qf6 14. Bb2 Qd8 15. a3 Ne7 16. c4 c6 17. Qc2 Ng6 18. Rbd1 Nf4 19. Bf1 Be6 20. Re3 Qd7 21. Ne5 Bxe5 22. dxe5 Qc8 23. Qe4 Ng6 24. Rd6 Bf5 25. Qd4 c5 26. Qc3 Be6 27. Bd3 Rd8 28. Rg3 Ne7 29. f4 f5 30. exf6 Rxd6 31. Rxg7+ Kh8 32. Rh7+ Kg8 33. f7+ Bxf7 34. Qg7# 1-0

[Event "FIDE Open World Rapid 2024"]
[Site "New York"]
[Date "2024.12.27"]
[Round "9.4"]
[White "Dominguez Perez, Leinier"]
[Black "Esipenko, Andrey"]
[Result "1/2-1/2"]
[ECO "C92"]
[WhiteElo "2741"]
[BlackElo "2682"]
[Annotator "TA"]
[PlyCount "51"]
[EventDate "2024.12.14"]
[EventType "swiss"]
[EventCountry "USA"]
[SourceTitle "playchess.com"]
[Source "ChessBase"]
[SourceQuality "1"]
[TimeControl "900+10"]

1. e4 e5 2. Nf3 Nc6 3. Bb5 a6 4. Ba4 Nf6 5. O-O Be7 6. d3 b5 7. Bb3 d6 8. c3 O-O 9. h3 Bb7 10. Nbd2 Na5 11. Bc2 c5 12. Re1 Re8 13. Nf1 h6 14. Ng3 Bf8 15. d4 cxd4 16. cxd4 exd4 17. Nxd4 Rc8 18. b3 Nc6 19. Nxc6 Bxc6 20. Bb2 Bb7 21. Qd3 g6 (21... h5 $11) 22. Rad1 $14 Bg7 23. Bb1 ({Don't play} 23. Qxd6 Qxd6 24. Rxd6 Rxc2 $17) 23... d5 24. e5 {[%emt 0:01:01][%cal Og3f5] Nf5! would now be deadly. White is more active.} Ne4 25. Qe3 (25. f4 $16) 25... Qg5 $11 26. Nxe4 1/2-1/2

[Event "FIDE Open World Rapid 2024"]
[Site "New York"]
[Date "2024.12.28"]
[Round "9.4"]
[White "Ansat, Aldiyar"]
[Black "Hovhannisyan, Robert"]
[Result "1-0"]
[ECO "C78"]
[WhiteElo "2479"]
[BlackElo "2626"]
[Annotator "ChessBase"]
[PlyCount "195"]
[EventDate "2024.12.14"]
[EventType "swiss"]
[EventCountry "USA"]
[SourceTitle "playchess.com"]
[Source "ChessBase"]
[SourceQuality "1"]
[TimeControl "900+10"]

1. e4 e5 2. Nf3 Nc6 3. Bb5 Nf6 4. d3 Bc5 5. Ba4 a6 6. c3 b5 7. Bb3 d6 8. h3 O-O 9. O-O Be6 10. a4 Bxb3 11. Qxb3 b4 12. Bg5 Rb8 13. Qc2 h6 14. Bxf6 Qxf6 15. Nbd2 Qe6 16. Nb3 Ba7 17. d4 Ne7 18. c4 Ng6 19. c5 Nf4 20. Kh2 f5 21. Nbd2 b3 22. Qc3 Ne2 23. Qd3 Nxd4 24. Nxd4 exd4 25. cxd6 Qxd6+ 26. Kg1 fxe4 27. Nxe4 Qd5 28. Qxa6 Qxe4 29. Qxa7 Qc2 30. Qxd4 Rbd8 31. Qe3 Rfe8 32. Qg3 Rd3 33. Qg6 Red8 34. Rae1 Rd2 35. Qe6+ Kh7 36. Re3 Rd1 37. Rxd1 Rxd1+ 38. Kh2 Rd2 39. Rc3 Qxb2 40. Rxb3 Qc2 41. Rg3 Rxf2 42. Qe7 Qb2 43. Qxc7 Re2 44. a5 Re6 45. Rf3 Rg6 46. Rg3 Re6 47. Qc3 Qb7 48. Qd3+ Kh8 49. Qd8+ Kh7 50. Rf3 Rg6 51. Qd3 Qa6 52. Qxa6 Rxa6 53. Ra3 Kg6 54. Kg3 Kf5 55. Kf3 Ke5 56. Kg4 Kd5 57. h4 Kc5 58. Ra1 Kc6 59. h5 Kc7 60. Kf5 Rf6+ 61. Ke5 Rc6 62. a6 Kb8 63. a7+ Ka8 64. Ra5 g6 65. hxg6 Rxg6 66. Ra2 Rg4 67. Kf6 Rg5 68. Ke6 h5 69. Kf6 Rc5 70. g3 Rc4 71. Kf5 Rb4 72. Ra6 Rb5+ 73. Kf4 Rb4+ 74. Kf3 Rb5 75. Kg2 Rc5 76. Kh3 Rg5 77. Ra4 Rf5 78. Kh4 Re5 79. Ra6 Rd5 80. Rh6 Kxa7 81. Rxh5 Rd8 82. Rb5 Ka6 83. Re5 Kb6 84. g4 Rh8+ 85. Kg5 Kc6 86. Kf6 Kd6 87. Re1 Rf8+ 88. Kg7 Rf4 89. g5 Rh4 90. g6 Rh2 91. Kf7 Rf2+ 92. Kg8 Rh2 93. g7 Rh4 94. Kf7 Rf4+ 95. Kg6 Rg4+ 96. Kf6 Rg2 97. Rd1+ Kc7 98. Rf1 1-0

[Event "FIDE Open World Rapid 2024"]
[Site "New York"]
[Date "2024.12.27"]
[Round "9.5"]
[White "Giri, Anish"]
[Black "Sevian, Samuel"]
[Result "1/2-1/2"]
[ECO "E04"]
[WhiteElo "2733"]
[BlackElo "2696"]
[Annotator "TA"]
[PlyCount "77"]
[EventDate "2024.12.14"]
[EventType "swiss"]
[EventCountry "USA"]
[SourceTitle "playchess.com"]
[Source "ChessBase"]
[SourceQuality "1"]
[TimeControl "900+10"]

1. Nf3 d5 2. g3 c5 3. Bg2 Nf6 4. O-O Nc6 5. d4 e6 6. c4 dxc4 7. Qa4 Bd7 8. Qxc4 cxd4 9. Nxd4 Rc8 10. Nc3 Nxd4 11. Qxd4 Bc5 12. Qh4 h6 13. Bxb7 Rb8 14. Ne4 Be7 15. Nxf6+ Bxf6 16. Qe4 $1 {[%emt 0:00:02] Threatens to win with Bf4.} Qb6 $132 {[%emt 0:02:14][%csl LRb2,LRb7][%mdl 2048] Black is not holding back} 17. Bd5 O-O 18. Bb3 Qc6 19. Qxc6 Bxc6 20. Bf4 Rbc8 21. Bd6 Rfd8 22. Rfd1 Bxb2 23. Rab1 Bf6 {[%emt 0:00:25] Hoping for ...Be4.} 24. Bb4 Be4 25. Rxd8+ Rxd8 26. Rd1 Bc6 27. Rxd8+ Bxd8 $11 {[%emt 0:00:01][%mdl 4096] Endgame KBB-KBB} 28. Bc3 Bb6 29. Kf1 h5 30. h4 g6 31. e3 Bb5+ 32. Ke1 Bc6 33. Kd2 Kf8 34. Bb4+ Ke8 35. Bc3 Ke7 36. Bb4+ Kd7 37. Bc3 Ke7 38. Bb4+ Kd7 39. Bc3 1/2-1/2

[Event "FIDE Open World Rapid 2024"]
[Site "New York"]
[Date "2024.12.28"]
[Round "9.5"]
[White "Rakhmanov, Aleksandr"]
[Black "Hardaway, Brewington"]
[Result "1-0"]
[ECO "A20"]
[WhiteElo "2585"]
[BlackElo "2499"]
[Annotator "ChessBase"]
[PlyCount "207"]
[EventDate "2024.12.14"]
[EventType "swiss"]
[EventCountry "USA"]
[SourceTitle "playchess.com"]
[Source "ChessBase"]
[SourceQuality "1"]
[TimeControl "900+10"]

1. c4 e5 2. Nf3 Nc6 3. d4 exd4 4. Nxd4 Nf6 5. Nxc6 bxc6 6. g3 Bb4+ 7. Bd2 Qe7 8. Bg2 O-O 9. O-O d5 10. cxd5 cxd5 11. Bxb4 Qxb4 12. Qc2 Be6 13. Nd2 Rab8 14. b3 c5 15. Nf3 Rfc8 16. Ng5 c4 17. Nxe6 fxe6 18. Bh3 Kf7 19. bxc4 Rxc4 20. Qd3 Rc3 21. Qa6 Qb6 22. Qa4 Rc4 23. Qa3 Qc5 24. Qf3 Rb2 25. Rab1 Rxb1 26. Rxb1 Rc1+ 27. Rxc1 Qxc1+ 28. Kg2 Qc6 29. Qa3 Qb6 30. Qc1 Qd6 31. Qc8 h6 32. Kg1 Qb6 33. Qc1 Ne4 34. e3 Qa5 35. a3 Qc3 36. Qd1 Ke7 37. a4 Qd2 38. Qf1 Qb4 39. Qa1 Nc3 40. Bf1 a5 41. Bd3 e5 42. h4 d4 43. exd4 Qxd4 44. Qa3+ Kf7 45. Qb3+ Kf6 46. Bf1 Ne4 47. Qf3+ Ke7 48. Bb5 Qd5 49. Qg4 Kf6 50. Be8 Nd6 51. Qg6+ Ke7 52. Bb5 Qf7 53. Qd3 Qf5 54. Qd5 Qb1+ 55. Bf1 Qe1 56. Qg8 Ne8 57. Qc4 Qb4 58. Qc2 Nd6 59. Qg6 Kf8 60. Qe6 Qd4 61. Bg2 e4 62. Kh2 h5 63. Qd7 Qf6 64. Kg1 Qa1+ 65. Kh2 Qf6 66. Qc6 Qe5 67. Qc7 Qd5 68. Qd7 Qe5 69. Bh3 Qe7 70. Qc6 Qf6 71. Qa8+ Kf7 72. Qd5+ Kf8 73. Kg1 Qa1+ 74. Kg2 Qf6 75. Qxh5 g6 76. Qd5 Kg7 77. Bg4 e3 78. fxe3 Qe7 79. Qd4+ Kh7 80. Kh2 Qf8 81. Qf4 Qe7 82. h5 gxh5 83. Bxh5 Qe6 84. Bg4 Qa2+ 85. Kh3 Qd5 86. Bf3 Qd3 87. Bg2 Qd1 88. Qh4+ Kg6 89. Qg4+ Qxg4+ 90. Kxg4 Nc4 91. Kf4 Kf6 92. g4 Nb2 93. g5+ Ke6 94. Bc6 Nd3+ 95. Ke4 Nf2+ 96. Kf3 Nd3 97. Bb5 Ne5+ 98. Ke4 Ng4 99. Bc4+ Kd6 100. g6 Nf6+ 101. Kf5 Ne8 102. Bb5 Ng7+ 103. Kf6 Nh5+ 104. Kf7 1-0

[Event "FIDE Open World Rapid 2024"]
[Site "New York"]
[Date "2024.12.28"]
[Round "9.6"]
[White "Tari, Aryan"]
[Black "Ohanyan, Emin"]
[Result "1-0"]
[ECO "B40"]
[WhiteElo "2629"]
[BlackElo "2514"]
[Annotator "ChessBase"]
[PlyCount "142"]
[EventDate "2024.12.14"]
[EventType "swiss"]
[EventCountry "USA"]
[SourceTitle "playchess.com"]
[Source "ChessBase"]
[SourceQuality "1"]
[TimeControl "900+10"]

1. e4 c5 2. Nf3 e6 3. d4 cxd4 4. Nxd4 Nf6 5. Bd3 Nc6 6. Nxc6 bxc6 7. Bf4 d5 8. Nd2 g6 9. c3 Bg7 10. Qa4 Qb6 11. Bd6 Bf8 12. Be5 Bg7 13. exd5 exd5 14. Bd6 Bf8 15. Qf4 Bxd6 16. Qxf6 O-O 17. Qxd6 Re8+ 18. Kf1 Qxb2 19. Rd1 Bg4 20. f3 Re3 21. Qb4 Qxb4 22. cxb4 Rxd3 23. fxg4 Rb8 24. Ke2 Ra3 25. Rb1 Rxa2 26. Rhc1 a5 27. bxa5 Rxb1 28. Rxb1 Rxa5 29. Rb8+ Kg7 30. Rd8 Ra3 31. Nf3 Ra2+ 32. Kf1 h6 33. h4 g5 34. Rd6 Ra4 35. hxg5 hxg5 36. Rxc6 Rxg4 37. Rc5 f6 38. Rxd5 Ra4 39. Nd4 Kg6 40. Rd6 Ra1+ 41. Kf2 Ra2+ 42. Kg3 Ra3+ 43. Kh2 Re3 44. g4 Ra3 45. Nf5 Ra2+ 46. Kg3 Ra3+ 47. Kf2 Ra2+ 48. Kf3 Ra3+ 49. Ke4 Ra4+ 50. Rd4 Ra5 51. Ne3 Ra7 52. Rd6 Ra4+ 53. Kf3 Ra3 54. Rd4 Rb3 55. Ke4 Ra3 56. Rc4 Rb3 57. Nf5 Rb7 58. Kd5 Rb5+ 59. Kc6 Ra5 60. Rb4 Ra6+ 61. Kb7 Ra1 62. Rd4 Rb1+ 63. Kc6 Rc1+ 64. Kd7 Re1 65. Kd8 Rc1 66. Re4 Rd1+ 67. Ke7 Ra1 68. Kf8 Ra8+ 69. Re8 Ra4 70. Ne7+ Kh7 71. Kf7 Ra7 1-0

[Event "FIDE Open World Rapid 2024"]
[Site "New York"]
[Date "2024.12.27"]
[Round "9.7"]
[White "Nepomniachtchi, Ian"]
[Black "Gelfand, Boris"]
[Result "1-0"]
[ECO "E28"]
[WhiteElo "2755"]
[BlackElo "2657"]
[Annotator "TA"]
[PlyCount "63"]
[EventDate "2024.12.14"]
[EventType "swiss"]
[EventCountry "USA"]
[SourceTitle "playchess.com"]
[Source "ChessBase"]
[SourceQuality "1"]
[TimeControl "900+10"]

1. d4 Nf6 2. c4 e6 3. Nc3 Bb4 4. e3 O-O 5. a3 Bxc3+ 6. bxc3 d6 7. f3 e5 (7... c5 $15 {is superior.}) 8. Ra2 Nc6 9. Rf2 b6 10. e4 {[%emt 0:00:30] [#]} ({White should play} 10. Ne2 $15) 10... Nd7 (10... Ba6 $1 $17 11. g4 Re8) 11. g4 Ba6 12. h4 Na5 13. Ne2 Bxc4 14. Ng3 d5 15. g5 Re8 16. Bxc4 Nxc4 17. O-O Nf8 18. h5 Ne6 {[%emt 0:01:45] Excellent horsemanship.} 19. Nf5 Nf4 {[%emt 0:02:00] Against Rg2} (19... Nxg5 $6 20. Bxg5 Qxg5+ 21. Rg2 $11) (19... c5 $17 {aiming for ...exd4.} 20. dxe5 dxe4 (20... Nxg5 $2 21. Rg2 $18) (20... Nxe5 21. f4 $16) 21. fxe4 Qxd1 (21... Nxg5 $2 22. Bxg5 Qxd1 23. Rxd1 $18) (21... Nxe5 22. Rd2 $11) 22. Rxd1 Nxe5) 20. Bxf4 exf4 21. Qc1 $1 Ne3 22. Nxe3 fxe3 23. Qxe3 Qd7 24. Qf4 c6 25. h6 Re6 26. hxg7 Rg6 {[%emt 0:00:01] Black is weak on the dark squares} 27. e5 Re8 28. Rh2 $36 {[%emt 0:00:19][%mdl 2048] White is more active.} Rxg7 {[%emt 0:00:03] [#]} 29. Kf2 $1 Qe7 30. Rfh1 Qd7 (30... Qxa3 $2 {too greedy.} 31. Rxh7 Rxh7 32. Rxh7 $18) ({Better is} 30... c5 31. Qf5 Qxg5 32. Rxh7 (32. Qxg5 Rxg5 33. Rxh7 Kf8 $16) 32... Qd2+ 33. Kf1 Qd1+ 34. Kf2 Qd2+) 31. Rh6 Re6 $2 (31... c5 $16 32. Kg3 Rd8) 32. Qf5 1-0

[Event "FIDE Open World Rapid 2024"]
[Site "New York"]
[Date "2024.12.28"]
[Round "9.7"]
[White "Gagunashvili, Merab"]
[Black "Petrosian, Tigran L."]
[Result "1/2-1/2"]
[ECO "B07"]
[WhiteElo "2541"]
[BlackElo "2551"]
[Annotator "ChessBase"]
[PlyCount "84"]
[EventDate "2024.12.14"]
[EventType "swiss"]
[EventCountry "USA"]
[SourceTitle "playchess.com"]
[Source "ChessBase"]
[SourceQuality "1"]
[TimeControl "900+10"]

1. d4 d6 2. e4 Nf6 3. Nc3 g6 4. g3 Bg7 5. Bg2 O-O 6. Nge2 e5 7. O-O Nc6 8. dxe5 Nxe5 9. h3 Re8 10. Nd4 Bd7 11. Re1 Nc6 12. Be3 Nxd4 13. Bxd4 Bc6 14. Qd3 Nd7 15. Bxg7 Kxg7 16. Rad1 Qf6 17. f4 Re7 18. Re2 Rae8 19. Rde1 a5 20. b3 Kg8 21. Nd5 Bxd5 22. Qxd5 b6 23. Qd2 Qb2 24. a4 Qa3 25. Kh2 Qb4 26. Qxb4 axb4 27. Rd1 Nc5 28. Rd4 f5 29. e5 dxe5 30. Rxe5 Rxe5 31. fxe5 Rxe5 32. Rxb4 Kf7 33. Kg1 Kf6 34. Kf2 g5 35. Rd4 h5 36. Rd8 h4 37. gxh4 gxh4 38. Rh8 Kg5 39. Rg8+ Kf4 40. Rh8 Kg5 41. Rg8+ Kf4 42. Rh8 Kg5 1/2-1/2

[Event "FIDE Open World Rapid 2024"]
[Site "New York"]
[Date "2024.12.27"]
[Round "9.8"]
[White "Aronian, Levon"]
[Black "Bluebaum, Matthias"]
[Result "1/2-1/2"]
[ECO "C07"]
[WhiteElo "2747"]
[BlackElo "2650"]
[Annotator "TA"]
[PlyCount "69"]
[EventDate "2024.12.14"]
[EventType "swiss"]
[EventCountry "USA"]
[SourceTitle "playchess.com"]
[Source "ChessBase"]
[SourceQuality "1"]
[TimeControl "900+10"]

1. e4 e6 2. d4 d5 3. Nd2 c5 4. dxc5 Nf6 5. exd5 Qxd5 6. Nb3 Qxd1+ 7. Kxd1 Bd7 8. f3 Ba4 (8... Be7 $11) 9. Ne2 (9. Na5 $1 $14 {is more appropriate.}) 9... Nbd7 10. Nc3 Bxb3 11. axb3 Bxc5 12. Bb5 Ke7 13. Ke2 a6 14. Bxd7 Kxd7 15. Bg5 h6 16. Rhd1+ Ke7 17. Bxf6+ gxf6 18. Ne4 Rac8 19. Ra4 f5 20. Nxc5 Rxc5 $11 {[%emt 0:00:01][%mdl 4096] Endgame KRR-KRR} 21. Rd2 Rhc8 22. Kd1 Kf6 23. c3 R8c7 24. Rh4 Kg7 25. b4 Rb5 26. Kc2 a5 27. Kb3 {[%emt 0:00:06] White wants to play Ka4.} axb4 28. Rxb4 Re5 29. Rb6 Re1 30. Kb4 e5 31. Rbd6 e4 32. Rd1 Re2 33. R1d2 Re1 (33... Rxd2 $17 34. Rxd2 e3) 34. Rd1 Re2 35. R1d2 $1 1/2-1/2

[Event "FIDE Open World Rapid 2024"]
[Site "New York"]
[Date "2024.12.28"]
[Round "9.8"]
[White "Lodici, Lorenzo"]
[Black "Fressinet, Laurent"]
[Result "1-0"]
[ECO "C50"]
[WhiteElo "2564"]
[BlackElo "2588"]
[Annotator "ChessBase"]
[PlyCount "99"]
[EventDate "2024.12.14"]
[EventType "swiss"]
[EventCountry "USA"]
[SourceTitle "playchess.com"]
[Source "ChessBase"]
[SourceQuality "1"]
[TimeControl "900+10"]

1. e4 e5 2. Nf3 Nc6 3. Bc4 Nf6 4. d3 Bc5 5. Nc3 a6 6. Bg5 h6 7. Bxf6 Qxf6 8. Nd5 Qd8 9. c3 d6 10. d4 Ba7 11. dxe5 O-O 12. exd6 Qxd6 13. Qc2 Be6 14. O-O-O Qc5 15. Bb3 Na5 16. Nd4 Rad8 17. f4 Nxb3+ 18. Nxb3 Qc4 19. Ne7+ Kh8 20. f5 Bd7 21. Rhe1 Bb5 22. f6 g6 23. Kb1 Rxd1+ 24. Rxd1 Qe6 25. Qd2 Qxe4+ 26. Ka1 Qe3 27. Qd5 Qf4 28. Qxb7 Bb6 29. Qf3 Qxf3 30. gxf3 Be2 31. Re1 Bxf3 32. c4 c6 33. c5 Bc7 34. Nd4 Bg2 35. Ndxc6 Bxh2 36. Re2 Bxc6 37. Rxh2 h5 38. Nxc6 Rc8 39. Ne7 Rxc5 40. b4 Rc4 41. a3 h4 42. Kb2 g5 43. Kb3 Rf4 44. Nd5 Rf3+ 45. Kc4 h3 46. a4 g4 47. b5 axb5+ 48. axb5 Kh7 49. b6 Rf1 50. b7 1-0